 Dungeon Crawl Stone Soup version 0.30-a0-1160-g6e42c06551 (webtiles) character file.

Game seed: 17912359464614115669

851 ders the Digger (level 8, -4/41 HPs)
             Began as a Gargoyle Earth Elementalist on Apr 26, 2023.
             Was an Initiate of Vehumet.
             Slain by Duvessa
             ... wielding a +0 short sword
              (12 damage)
             ... on level 5 of the Dungeon.
             The game lasted 00:05:35 (5105 turns).

ders the Digger (Gargoyle Earth Elementalist)       Turns: 5105, Time: 00:05:36

Health: -4/41      AC:  8    Str: 12    XL:     8   Next: 1%
Magic:  0/14       EV: 12    Int: 18    God:    Vehumet [......]
Gold:   383        SH:  0    Dex: 10    Spells: 11/15 levels left

rFire   . . .        d - +0 short sword
rCold   . . .        (no shield)
rNeg    + . .        a - +0 robe
rPois   ∞            (no helmet)
rElec   +            (no cloak)
rCorr   .            p - +0 pair of gloves {Stlth+}
SInv    .            (no boots)
Will    .....        (no amulet)
Stlth   +            (no ring)
HPRegen 0.26/turn    (no ring)
MPRegen 0.14/turn

%: no passive effects
@: lit by a corona, glowing
A: sickness immunity, AC +5, negative energy resistance 1, electricity
resistance, torment resistance 1, petrification resistance
a: Renounce Religion


You were on level 5 of the Dungeon.
You worshipped Vehumet.
Vehumet was noncommittal.
You visited 2 branches of the dungeon, and saw 6 of its levels.

You collected 383 gold pieces.

Inventory:

Hand Weapons
 d - a +0 short sword (weapon)
Missiles
 e - 55 stones
Armour
 a - a +0 robe (worn)
 p - a +0 pair of gloves of stealth (worn)
Jewellery
 w - an amulet of magic regeneration
Wands
 b - a wand of charming (20)
 m - a wand of flame (12)
 n - a wand of iceblast (4)
 r - a wand of mindburst (6)
 y - a wand of polymorph (10)
Scrolls
 f - a scroll of silence {unknown}
 g - 3 scrolls of poison {unknown}
 i - 3 scrolls of teleportation {unknown}
 j - 4 scrolls of enchant armour {unknown}
 k - a scroll of amnesia {unknown}
 l - 2 scrolls of fear {unknown}
 o - 3 scrolls of identify {unknown}
 q - 2 scrolls of fog {unknown}
 u - a scroll of magic mapping {unknown}
 v - a scroll of acquirement {unknown}
Potions
 c - 2 potions of flight {unknown}
 h - a potion of brilliance {unknown}
 s - a potion of magic
 t - a potion of mutation {unknown}
 x - 2 potions of cancellation {unknown}
 z - a potion of invisibility {unknown}


   Skills:
 * Level 2.7 Dodging
 - Level 2.1 Stealth
 - Level 4.2 Spellcasting
 + Level 4.3 Conjurations
 + Level 1.4 Summonings
 * Level 2.3 Transmutations
 + Level 6.5 Earth Magic


You had 11 spell levels left.
You knew the following spells:

 Your Spells              Type           Power      Damage    Failure   Level
a - Sandblast             Erth           54%        2d13      1%          1
b - Stone Arrow           Conj/Erth      46%        3d9       4%          3

Your spell library contained the following spells:

 Spells                   Type           Power      Damage    Failure   Level
 Passwall                 Tmut/Erth      15%        N/A       3%          2
 Petrify                  Tmut/Erth      19%        N/A       22%         4


Dungeon Overview and Level Annotations

Branches:
Dungeon (5/15)             Temple (1/1) D:4

Altars:
Cheibriados
Dithmenos
Elyvilon
Fedhas
Hepliaklqana
Makhleb
Nemelex Xobeh
Ru
Uskayaw
Vehumet
Wu Jian
Xom
Zin
The Shining One

Shops:
D:5 ((

Annotations:
D:4 2 runed translucent doors, hattop's ghost, amateur OpNe
D:5 Duvessa


Innate Abilities, Weirdness & Mutations

You are immune to sickness and miasma.
Your stone body is resilient. (AC +5)
You are immune to poison.
You resist negative energy. (rN+)
You are resistant to electric shocks. (rElec)
You are resistant to unholy torment.
You are immune to petrification.


Message History

Confirm with . or Enter, or press ? or * to list all spells.
Aiming: Stone Arrow (dangerous; 4% risk of failure)
Press: ? - help, Shift-Dir - straight line, f/p - Dowan
Aim: Dowan, wielding a +0 dagger and wearing a +0 robe (almost dead, 60% to hit)
The stone arrow hits Duvessa.
Duvessa is lightly wounded.
Duvessa hits you with a +0 short sword.
Unknown command.
Casting: Stone Arrow (dangerous; 4% risk of failure)
Confirm with . or Enter, or press ? or * to list all spells.
Aiming: Stone Arrow (dangerous; 4% risk of failure)
Press: ? - help, Shift-Dir - straight line, f/p - Dowan
Aim: Dowan, wielding a +0 dagger and wearing a +0 robe (almost dead, 60% to hit)
The stone arrow misses Duvessa.
The stone arrow hits Dowan!!
You kill Dowan!
Vehumet accepts your kill.
Duvessa screams, "No!
How DARE you!"
Duvessa goes berserk!
Duvessa hits you with a +0 short sword. Duvessa hits you with a +0 short sword!
You have reached level 8!
You feel stronger.
Casting: Stone Arrow (dangerous; 4% risk of failure)
Confirm with . or Enter, or press ? or * to list all spells.
Aiming: Stone Arrow (dangerous; 4% risk of failure)
Press: ? - help, Shift-Dir - straight line, f - Duvessa
Aim: Duvessa, wielding a +0 short sword and wearing a +0 leather armour (lightly wounded, berserk, fast, 75% to hit)
The stone arrow hits Duvessa!
Duvessa is moderately wounded.
Duvessa hits you with a +0 short sword!
* * * LOW HITPOINT WARNING * * *
Unknown command.
Casting: Stone Arrow (dangerous; 4% risk of failure)
Confirm with . or Enter, or press ? or * to list all spells.
Aiming: Stone Arrow (dangerous; 4% risk of failure)
Press: ? - help, Shift-Dir - straight line, f/p - Duvessa
Aim: Duvessa, wielding a +0 short sword and wearing a +0 leather armour (moderately wounded, berserk, fast, 75% to hit)
The stone arrow hits Duvessa!
Duvessa is heavily wounded.
Duvessa hits you with a +0 short sword!
You die...

##..........#.................#
.#............########.......##
..............#⌠8⌠# #.#.....#
..............#...+ #......##
..............#...# #.....##
............#.#)..+ #......#
.........##<#.#...# #......#
.........#....##e#####......##
.........##.....@............##
..............................#
.......#†.......).............# #
..##..##...........##.........###
...#..............[..##..........
.......#..........#...#.......[..
..####.#.#.##....##.........(....
.##.##.###.##.....#...##..###....
.....................##...##...##


You could see Duvessa (berserk, fast).

Vanquished Creatures
  A water moccasin (D:5)
  4 ogres
  A scorpion (D:5)
  Dowan (D:5)
  A jelly (D:5)
  2 hounds (D:5)
  2 sleepcaps
  An iguana (D:5)
  5 adders
  A worm (D:3)
  4 orcs
  6 bats
  8 endoplasms
  6 giant cockroaches
  9 goblins
  6 hobgoblins
  A quokka (D:2)
  8 ball pythons
  7 frilled lizards
  16 kobolds
  6 rats
96 creatures vanquished.

Notes
Turn   | Place    | Note
-------+----------+-------------------------------------------
     0 | D:1      | ders the Gargoyle Earth Elementalist began the quest for
                  | the Orb.
     0 | D:1      | Reached XP level 1. HP: 10/10 MP: 3/3
   229 | D:1      | Reached XP level 2. HP: 15/15 MP: 3/5
   232 | D:1      | Reached skill level 4 in Earth Magic
  1204 | D:2      | Reached XP level 3. HP: 19/19 MP: 3/6
  1208 | D:2      | Learned a level 3 spell: Stone Arrow
  1473 | D:2      | Found a blossoming altar of Fedhas.
  2000 | D:3      | Reached skill level 1 in Conjurations
  2000 | D:3      | Reached XP level 4. HP: 3/24 MP: 4/8
  2374 | D:3      | Found a blossoming altar of Fedhas.
  2776 | D:3      | Found a snail-covered altar of Cheibriados.
  2927 | D:4      | Found a staircase to the Ecumenical Temple.
  2940 | Temple   | Entered the Ecumenical Temple
  2940 | Temple   | Found a transporter.
  2940 | Temple   | Found a transporter.
  2942 | Temple   | Found a transporter.
  2942 | Temple   | Found a transporter.
  2979 | D:4      | Reached skill level 5 in Earth Magic
  3140 | D:4      | Noticed an ogre
  3145 | D:4      | Killed an ogre
  3146 | D:4      | Reached XP level 5. HP: 28/28 MP: 2/10
  3215 | D:4      | Found a hide-covered altar of Uskayaw.
  3619 | D:4      | Reached XP level 6. HP: 32/32 MP: 9/11
  3697 | D:4      | Found a radiant altar of Vehumet.
  3720 | D:4      | Found a large runed translucent door.
  3720 | D:4      | Found a large runed translucent door.
  3731 | D:4      | Became a worshipper of Vehumet
  3883 | D:4      | Noticed hattop's ghost (amateur OpNe)
  4124 | D:5      | Entered Level 5 of the Dungeon
  4278 | D:5      | Reached skill level 6 in Earth Magic
  4555 | D:5      | Reached skill level 1 in Transmutations
  4555 | D:5      | Reached XP level 7. HP: 36/36 MP: 4/13
  4732 | D:5      | Reached skill level 1 in Summonings
  4979 | D:5      | Found Ugieriv's Weapon Boutique.
  4982 | D:5      | Found Geet's Weapon Shoppe.
  5004 | D:5      | Found a glowing golden altar of the Shining One.
  5098 | D:5      | Noticed Duvessa
  5098 | D:5      | Noticed Dowan
  5103 | D:5      | Killed Dowan
  5104 | D:5      | Reached XP level 8. HP: 15/41 MP: 6/14
  5105 | D:5      | Slain by Duvessa

Illustrated notes

Levels and vault maps discovered:
D:1:      lightli_molten_gateway, layout_basic
D:2:      minmay_kobold_bridge, layout_loops_ring, basic_altar
D:3:      layout_loops_ring, mainiacjoe_overflow_alcove_2, fedhas_altar_1
D:4:      layout_basic, eat_drink_and_be_merry_uskayaw,
          nicolae_vehumet_altar_sigil, minmay_temple_entry_ruins,
          ebering_ghost_disaster_area, hangedman_decor_clover_reticule
D:5:      dreamdust_elfheim, layout_cave_pools, kennysheep_mini_moat,
          serial_shops, shop, shop, uniq_duvessa
Temple:   hellmonk_temple_divided_pantheon

Skill      XL: |  1  2  3  4  5  6  7 |
---------------+----------------------+-----
Earth Magic    | 4 5 6 |  6.5
Spellcasting   | 3 4 |  4.2
Conjurations   | 1 2 3 4 |  4.3
Transmutations | 1 2 |  2.3
Dodging        | 2 |  2.7
Summonings     | 1 |  1.4
Stealth        | |  2.1

Action                     |  1- 3 |  4- 6 |  7- 9 || total
---------------------------+-------+-------+-------++-------
  Melee: Unarmed           |     2 |       |       ||     2
         Short sword       |     5 |    12 |       ||    17
         Punch             |     1 |       |       ||     1
   Cast: Sandblast         |    64 |    59 |     9 ||   132
         Stone Arrow       |     1 |    12 |    11 ||    24
    Use: Potion            |     1 |       |       ||     1
 Armour: Robe              |     9 |    16 |     6 ||    31
  Dodge: Dodged            |    18 |    23 |     9 ||    50

Table legend: (Time is in decaauts)
 A = Elapsed time spent in this place.
 B = Non-inter-level travel time spent in this place.
 C = Inter-level travel time spent in this place.
 D = Time resting spent in this place.
 E = Time spent auto-exploring this place.
 F = Levels seen in this place.
 G = Mean time per level.
                   A        B        C        D        E       F      G
               +--------+--------+--------+--------+--------+-----+--------+
         Total |   5170 |   5046 |    124 |    418 |   3997 |   6 |  861.7 |
       Dungeon |   5135 |   5020 |    115 |    418 |   3991 |   5 | 1027.0 |
        Temple |     34 |     25 |      9 |      0 |      6 |   1 |   34.0 |
               +--------+--------+--------+--------+--------+-----+--------+

Top non-repeatable levels by time:
     D:4: 1397 daAuts
     D:1: 1211 daAuts
     D:3: 966 daAuts
     D:2: 782 daAuts
     D:5: 777 daAuts
  Temple: 34 daAuts
